AoeStats
← Griff

Arabia

509433642Analyzed
1v1 RM · 4d ago on Sep 26, 2026· 38m 25s· 2 players
Game mode
Random Map
Map size
Tiny (2 player)
Population
200
Speed
Normal
Resources
Standard
Victory
Conquest
Starting age
Dark Age
Ending age
Imperial Age
RankedLock teamsTeams togetherTeam positionsShared explorationLock speedFull tech treeHidden civsTurbo modeCheats
Victory
Defeat
🇧🇷 Saxons · Brazil
1347
+16
🇩🇪 Berbers · Germany
1356
-16
Griff
6:26 Loom
8:57 Feudal Age
9:24 Double-Bit Axe
10:18 Man-at-Arms
17:59 Horse Collar
22:06 Castle Age
20:02 Gold Mining
23:11 Squires
23:13 Scale Mail Armor
23:23 Forging
25:54 Chain Mail Armor
28:08 Elite Skirmisher
29:08 Fletching
29:59 Sanctity
38:37 Bodkin Arrow
39:18 Iron Casting
lugait [DrrOP]
2:39 Loom
9:03 Feudal Age
10:11 Double-Bit Axe
19:01 Wheelbarrow
22:48 Castle Age
20:45 Horse Collar
20:55 Gold Mining
21:52 Gold Mining
23:25 Fletching
23:58 Bow Saw
24:56 Bodkin Arrow
25:03 Town Watch
25:36 Padded Archer Armor
26:49 Husbandry
30:05 Ballistics
30:58 Leather Archer Armor
33:35 Bloodlines
Connection lost

Rejoining the realm…

Still unreachable

The connection could not be restored.

Session expired

The server has moved on; the page needs a fresh start.